Cogmind - Beta 15 @@@ ROGUE MODE // 2025.07.19 @ 16:57:14 Player: YA-B01 Result: Destroyed by B-99 Colossus with Linear Accelerator Performance ------------- Evolutions (9) 4500 Regions Visited (27) 5400 Robots Destroyed (495) 2475 Value Destroyed (20534) 20534 Prototype IDs (39) 780 Alien Tech Used (0) 0 Bonus (9598) 9598 TOTAL SCORE: 43287 Bonus ------- High Alert Combat Kills 2775 Follower Combat Kills 3544 Entered Garrisons 600 Entered DSFs 500 Met Data Miner 300 Acquired ECA 300 Built Enhanced Grunts 300 Met R17 at Cetus 500 Met R17 at Research 2000 Friendly Fire -1221 Cogmind --------- Core Integrity 0/1600 Matter 187/300 Energy 99/100 System Corruption 24% Temperature Cool (0) Movement Core (50) Location -1/Access Parts ------- > --- POWER (2) -------- (None) > --- PROPULSION (8) --- (None) > --- UTILITY (11) ----- (None) > --- WEAPON (4) ------- (None) > --- INVENTORY (5) ---- Authchip [R/Combat] Enhanced Quantum Rifle Enhanced Quantum Rifle KE Penetrator Fusion Bomb Launcher Peak State ------------ > --- POWER ------------ Quantum Reactor Quantum Reactor > --- PROPULSION ------- Centrium Heavy Treads Centrium Heavy Treads Biometal Heavy Treads Biometal Heavy Treads > --- UTILITY ---------- Advanced Heat Sink Huge Storage Unit Advanced Visual Processing Unit Advanced Terrain Scan Processor Advanced Transmission Jammer Centrium Medium Armor Plating Centrium Heavy Armor Plating Advanced Force Field > --- WEAPON ----------- Railgun Enhanced Hardcell Cannon Enhanced Hardcell Cannon Enhanced Hardcell Cannon > --- INVENTORY -------- Biometal Heavy Treads Biometal Heavy Treads Biometal Heavy Treads Biometal Heavy Treads IFF Parser Encrypted Comm Array Centrium Heavy Armor Plating Centrium Heavy Armor Plating Hacking Suite Authchip [R/Combat] High-powered Shotgun KE Penetrator KE Penetrator Railgun Advanced KE Penetrator Heavy Shock Bomb Launcher Advanced Datajack Impact Mace Makeshift Axe [Rating: 196] Favorites ----------- Power Quantum Reactor Engine Heavy Ion Engine Power Core Reinforced Fission Core Reactor Quantum Reactor Propulsion Armored Treads Treads Armored Treads Leg Improved Titanium Leg Wheel Wheel Utility Huge Storage Unit Device Improved Heat Sink Storage Huge Storage Unit Processor Advanced Terrain Scan Processor Hackware Hacking Suite Protection Improved Light Armor Plating Weapon Gauss Cannon Energy Gun Gatling Laser Energy Cannon HERF Cannon Ballistic Gun KE Penetrator Ballistic Cannon Gauss Cannon Launcher Mini Grenade Launcher Special Weapon Enhanced Flamer Impact Weapon Impact Mace Slashing Weapon Makeshift Axe Special Melee Weapon Datajack Build | -11 -10 -9 -8 -8 -8 -8 -8 -7 -7 -7 -7 -7 -7 -6 -6 -6 -5 -5 -4 -4 -4 -4 -4 -3 -3 -2 -1 ------- Run | Yrd Mat Mat Mat Gar Mat Gar Mat Fac Was Fac Low Low Dat Pro Fac Gar Fac DSF Fac Ext Cet Arc Hub Res Arm Res Acc Slots Evolved 18 | . . 2 2 . . . . 2 . . . . . . 2 . 2 . 2 . . . . 2 . 2 2 Power 1 | . . . . . . . . . . . . . . . . . . . 1 . . . . . . . . Propulsion 6 | . . 2 . . . . . 1 . . . . . . 1 . 2 . . . . . . . . . . Utility 9 | . . . 1 . . . . 1 . . . . . . 1 . . . 1 . . . . 2 . 1 2 Weapon 2 | . . . 1 . . . . . . . . . . . . . . . . . . . . . . 1 . Parts Attached 342 | 6 11 26 19 5 8 . 6 7 3 3 5 17 1 10 17 34 2 17 11 42 13 4 . 9 6 22 38 Power 38 | 1 3 1 2 1 . . 2 1 . . . 1 . 1 1 3 . 2 4 6 2 . . 1 . 4 2 Engine 13 | 1 3 1 2 . . . 1 1 . . . . . 1 1 2 . . . . . . . . . . . Core 12 | . . . . 1 . . 1 . . . . 1 . . . 1 . 2 1 5 . . . . . . . Reactor 13 | . . . . . . . . . . . . . . . . . . . 3 1 2 . . 1 . 4 2 Propulsion 116 | 2 1 14 8 . 5 . . 1 2 . 3 8 . 3 6 16 . 7 . 15 5 1 . 2 2 4 11 Treads 72 | 2 1 14 8 . 5 . . 1 2 . 3 1 . 1 . 5 . 7 . 4 4 1 . 2 2 4 5 Leg 23 | . . . . . . . . . . . . 5 . 2 3 10 . . . 2 . . . . . . 1 Wheel 21 | . . . . . . . . . . . . 2 . . 3 1 . . . 9 1 . . . . . 5 Hover . | . . . . . . . . . . . . . . . . . . . . . . . . . . . . Flight . | . . . . . . . . . . . . . . . . . . . . . . . . . . . . Utility 106 | 1 3 6 4 1 1 . 3 2 . 3 1 3 . 3 7 8 2 3 6 12 4 3 . 3 1 8 18 Device 39 | . 1 1 1 . . . 1 1 . . 1 . . 1 4 4 . 1 3 5 1 3 . . . 5 6 Storage 11 | 1 1 2 . . . . . . . 1 . . . . . . 1 . . 1 . . . 1 . 1 2 Processor 6 | . . . . . . . . . . . . . . 1 1 1 . . . . 1 . . . . . 2 Hackware 8 | . . . 2 . . . . . . . . . . . 1 . . . 2 . . . . . 1 1 1 Protection 42 | . 1 3 1 1 1 . 2 1 . 2 . 3 . 1 1 3 1 2 1 6 2 . . 2 . 1 7 Artifact . | . . . . . . . . . . . . . . . . . . . . . . . . . . . . Weapon 82 | 2 4 5 5 3 2 . 1 3 1 . 1 5 1 3 3 7 . 5 1 9 2 . . 3 3 6 7 Energy Gun 13 | 2 1 . 1 . . . . . . . . 1 . . 1 2 . 1 . 3 . . . . . . 1 Energy Cannon 1 | . . . . . . . . . . . . . . . . . . . . . 1 . . . . . . Ballistic Gun 23 | . . . . . . . . . . . . 1 . . 2 4 . 3 1 3 1 . . 1 2 2 3 Ballistic Cannon 29 | . 3 4 4 . 2 . 1 1 1 . 1 2 . 1 . . . . . 3 . . . 1 . 3 2 Launcher 8 | . . 1 . 1 . . . 1 . . . . . . . 1 . 1 . . . . . . 1 1 1 Special Weapon 3 | . . . . . . . . . . . . 1 . 2 . . . . . . . . . . . . . Impact Weapon 1 | . . . . . . . . 1 . . . . . . . . . . . . . . . . . . . Slashing Weapon 2 | . . . . 1 . . . . . . . . 1 . . . . . . . . . . . . . . Piercing Weapon . | . . . . . . . . . . . . . . . . . . . . . . . . . . . . Special Melee Weapon 2 | . . . . 1 . . . . . . . . . . . . . . . . . . . 1 . . . Unidentified Prototypes 9 | . . 1 . . . . . 1 . . . . . . . 1 1 . . . 3 1 . 1 . . . Corrupted Parts 3 | . . . . . . . . . . . . 2 . . . . . . . . . 1 . . . . . System Corruption 15 | . . . . . . . . . . . . 12 . . . . . . . . . 3 . . . . . Parts Lost 203 | . 2 9 2 2 2 1 1 2 . . 7 16 . 2 17 16 . 12 1 40 5 . . . . 15 51 Power 14 | . 1 . . . . . . . . . 1 . . . 1 1 . 1 . 3 . . . . . 4 2 Propulsion 76 | . . 4 . . . . . 1 . . 3 9 . 1 8 8 . 6 . 14 3 . . . . 4 15 Utility 57 | . . 2 2 1 1 1 . . . . 2 2 . 1 3 2 . 2 1 12 1 . . . . 3 21 Weapon 56 | . 1 3 . 1 1 . 1 1 . . 1 5 . . 5 5 . 3 . 11 1 . . . . 4 13 Highest Loss Streak 23 | . 1 7 1 2 2 1 1 2 . . 7 9 . 2 15 10 . 7 1 19 5 . . . . 5 23 To Critical Strikes 3 | . . . . . . . . . . . . . . . 1 . . . . . 2 . . . . . . Average Backups 18 | 3 8 14 18 18 18 19 18 18 18 19 19 21 24 24 23 22 23 21 24 17 24 21 21 20 19 17 16 Power . | . . . . . . . . . 1 . . . . . . . . . 1 1 1 1 1 . . . 1 Propulsion 4 | 1 1 3 6 8 8 8 8 7 6 6 4 4 4 4 4 6 4 1 . . 2 3 3 3 4 2 1 Utility 6 | 1 2 4 4 3 3 3 3 3 4 5 5 6 7 6 5 4 9 11 15 8 11 10 10 9 7 5 6 Weapon 6 | . 4 5 6 6 6 7 6 6 6 6 6 8 11 11 11 9 8 6 6 5 7 5 5 6 6 7 5 Tool/Special . | . . . . . . . . . . . . . . . . . . . . . . . . . . . . Unused Backups 59 | 2 5 3 4 . 1 . 2 . 1 1 . . . 3 . 10 . . . 1 3 5 . 8 5 . 5 Power 6 | 1 . 1 . . . . . . . 1 . . . . . . . . . . 2 . . . . . 1 Propulsion 16 | 1 1 . . . 1 . . . . . . . . . . 5 . . . . . . . 4 4 . . Utility 19 | . 1 2 2 . . . 1 . . . . . . 3 . . . . . 1 . 3 . 4 1 . 1 Weapon 18 | . 3 . 2 . . . 1 . 1 . . . . . . 5 . . . . 1 2 . . . . 3 Tool/Special . | . . . . . . . . . . . . . . . . . . . . . . . . . . . . Average Slot Usage (%) 83 | . 95 98 97 98 98 97 99 91 92 92 78 56 61 84 81 84 87 73 75 73 87 81 78 79 75 70 72 Engine 4 | . 9 11 9 8 9 9 6 7 7 7 . . . 6 5 2 . . . . . . . . . . . Core 1 | . . . . . . . 2 . . . . . 7 . . 2 5 2 5 6 2 . . . . . . Reactor 1 | . . . . . . . . . . . . . . . . . . . 2 2 7 10 10 9 9 6 7 Treads 22 | . 28 43 36 35 36 36 36 34 30 30 30 12 . . 3 4 . 13 21 13 20 20 21 19 18 15 15 Leg 3 | . . . . . . . . . . . . 5 23 36 22 20 35 14 . 1 . . . . . . . Wheel 1 | . . . . . . . . . . . . 1 . . 4 4 . . . 5 8 2 . . . . 1 Device 7 | . 3 1 4 9 9 6 3 7 7 7 7 7 7 7 6 5 3 9 11 10 12 9 10 18 8 11 16 Storage 7 | . 14 11 9 9 9 9 9 7 7 7 7 7 7 7 6 6 5 5 5 5 5 5 5 4 4 5 3 Processor 2 | . . . . . . . . . . . . . . . 5 9 5 5 5 5 5 10 10 9 9 8 6 Protection 7 | . 10 8 7 8 7 9 13 9 15 15 7 3 7 6 6 4 11 3 7 5 6 5 5 4 9 5 5 Ballistic Gun 3 | . . . . . . . . . . . . . . . 3 6 11 10 12 8 5 9 10 9 10 7 9 Ballistic Cannon 12 | . 27 21 22 19 22 22 22 17 15 15 19 15 . 1 5 . . . . . 5 5 5 3 1 7 2 Slashing Weapon 1 | . . . . 5 4 4 4 2 . . . . 7 6 . 3 5 . 2 . . . . . . . . Peak Build Rating 196 | 7 10 20 37 35 38 38 38 47 59 54 54 46 27 45 53 82 76 109 124 126 132 141 142 169 174 196 182 Average Rating 65 | 5 9 16 29 33 36 37 37 40 52 53 40 29 27 39 44 61 73 88 117 82 101 134 141 156 170 172 151 On Entrance 68 | . 6 10 20 35 34 38 35 37 47 53 54 39 25 27 38 41 74 74 109 123 69 128 141 142 169 172 173 Naked Turns 25 | . . . . . . . . . . . . . . . . . . . . . . . . . . . 25 Heaviest Build 211 | 13 36 59 71 69 76 76 75 74 74 114 114 113 99 116 121 108 108 127 155 155 162 151 150 167 172 211 202 Greatest Support 320 | 40 40 80 80 80 82 80 80 100 160 130 130 88 40 80 100 150 121 300 300 300 263 320 320 320 310 310 281 Greatest Overweight (x) 15 | 1 . . . 1 . . . 1 . . 2 6 2 2 8 3 . 3 . 13 15 . . . . 2 14 Average Overweight (x) . | . . . . . . . . . . . . 3 2 1 1 1 . . . 2 3 . . . . . . Largest Inventory Capacity 25 | 8 15 20 20 20 20 20 20 20 20 25 25 25 25 25 25 25 25 25 25 25 25 25 25 25 25 25 25 Average Capacity 21 | 7 11 15 20 20 20 20 20 20 20 20 25 25 25 25 25 25 25 25 25 23 25 25 25 25 25 25 24 Most Carried 25 | 8 12 15 20 20 20 20 20 20 20 21 23 25 25 25 25 25 25 25 25 25 25 25 25 25 25 25 25 Average Carried 19 | 3 8 14 18 19 19 20 19 19 19 20 19 22 25 24 23 22 25 22 24 17 24 24 23 24 24 22 19 Final Capacity 25 | 8 15 20 20 20 20 20 20 20 20 25 25 25 25 25 25 25 25 25 25 25 25 25 25 25 25 25 5 Final Carried 25 | 5 12 11 20 19 20 20 20 19 20 21 21 25 25 25 21 25 25 25 23 25 25 23 25 25 25 20 5 Class Distribution -------------------- 35% | Mutant 20% | Scavenger-Tank 18% | Tank 15% | Scavenger-Mutant Dominant Class ---------------- Mutant | -10/Materials Scavenger-Mutant | -9/Materials Tank | -8/Materials Mutant | -8/Garrison Mutant | -8/Materials Tank | -8/Garrison Mutant | -8/Materials Mutant | -7/Factory Mutant | -7/Waste Mutant | -7/Factory Tank | -7/Lower Caves Mutant | -7/Lower Caves Scavenger-Mutant | -7/Data Miner Derelict-Mutant | -6/Proximity Caves Derelict-Skirmisher | -6/Factory Scavenger-Mutant | -6/Garrison Scavenger-Mutant | -5/Factory Tank | -5/DSF Mutant | -4/Factory Scavenger-Mutant | -4/Extension Scavenger-Tank | -4/Cetus Scavenger-Tank | -4/Archives Scavenger-Tank | -4/Hub_04(d) Scavenger-Tank | -3/Research Scavenger-Tank | -3/Armory Scavenger-Tank | -2/Research Scavenger-Tank | -1/Access Resources | -11 -10 -9 -8 -8 -8 -8 -8 -7 -7 -7 -7 -7 -7 -6 -6 -6 -5 -5 -4 -4 -4 -4 -4 -3 -3 -2 -1 ----------- Run | Yrd Mat Mat Mat Gar Mat Gar Mat Fac Was Fac Low Low Dat Pro Fac Gar Fac DSF Fac Ext Cet Arc Hub Res Arm Res Acc Matter Collected 17414 | 260 548 1386 874 821 242 423 1157 320 171 382 445 799 . 264 421 983 18 488 664 1263 304 441 . 616 670 1288 2166 Remotely 222 | . . . . . . . . . . . . . . . . . . . . 222 . . . . . . . Salvage Created 20329 | 114 439 1954 679 864 129 310 1000 294 271 288 362 654 . 62 498 1976 46 1071 835 2068 121 206 . 1041 1589 1558 1900 Parts 987 | 13 36 125 38 53 7 14 53 9 3 18 13 17 . 4 34 63 4 46 46 77 5 7 . 46 64 88 104 Haulers Intercepted 19 | . 2 6 2 . . . 3 . . 2 . . . . . . . . . 1 . . . 1 . 1 1 Recyclers Shooed 14 | . 1 3 1 . . . 4 . . . . . . . 1 . . . . 1 . . . . . 1 2 Parts Field Recycled . | . . . . . . . . . . . . . . . . . . . . . . . . . . . . Retrieved Matter . | . . . . . . . . . . . . . . . . . . . . . . . . . . . . Parts Self-Destructed 37 | . . . . . . . . . . . 15 14 . 8 . . . . . . . . . . . . . Prevented 1 | . . . . . . . . . . . . 1 . . . . . . . . . . . . . . . Kills | -11 -10 -9 -8 -8 -8 -8 -8 -7 -7 -7 -7 -7 -7 -6 -6 -6 -5 -5 -4 -4 -4 -4 -4 -3 -3 -2 -1 ------- Run | Yrd Mat Mat Mat Gar Mat Gar Mat Fac Was Fac Low Low Dat Pro Fac Gar Fac DSF Fac Ext Cet Arc Hub Res Arm Res Acc Combat Hostiles Destroyed 356 | . 10 46 15 29 5 11 22 8 . 5 13 19 . 4 9 18 . 10 15 17 2 1 . 12 18 28 39 Melee 23 | . . . . 2 . 2 3 2 . . . . . . . 1 . 2 1 2 . . . . . 5 3 Guns 73 | . 2 . . . . . . . . . . 1 . . 3 9 . 6 14 7 1 . . 8 3 5 14 Cannons 171 | . 8 42 15 17 5 9 19 6 . 4 13 5 . 1 2 1 . . . 3 1 1 . 4 . 11 4 AOE 76 | . . 4 . 10 . . . . . 1 . 12 . 3 3 7 . . . 4 . . . . 9 7 16 Classes Destroyed 21 | 2 7 4 2 1 . 1 . . . . . . . . 1 . . 1 . 1 . . . . 1 . . Worker 24 | . 2 1 . . . . 2 . . 3 . . . . 1 . 2 . 1 2 . . . . . 2 8 Builder 30 | . 1 1 1 . . . 4 . . 1 . . . . 4 . . . . 5 . . . 1 . 8 4 Tunneler 7 | 3 1 1 1 . . . . . . . . . . . . . . . . 1 . . . . . . . Hauler 19 | . 2 6 2 . . . 3 . . 2 . . . . . . . . . 1 . . . 1 . 1 1 Recycler 21 | 1 2 8 1 . . . 1 . . . . . . . 1 . . . . 5 . . . 1 . 1 . Mechanic 3 | . . . 1 . . . . . . . . 1 . . . . . . . . . . . . 1 . . Operator 12 | . 1 2 1 . . . 2 . . . . . . . . . . . . 1 . 5 . . . . . Watcher 15 | . 3 5 1 1 . . . . . . . . . . . . . . . 1 . . . 1 . 1 2 Swarmer 79 | . 5 8 2 10 . . . . . . 5 8 . 3 . 1 . . 5 . . . . . 3 12 17 Cutter 2 | . . . . 2 . . . . . . . . . . . . . . . . . . . . . . . Saboteur 1 | . . . . . . . . . . . . . . . . . . . . . . . . . 1 . . Grunt 148 | . 5 25 6 11 4 7 15 3 . 5 4 8 . . 2 11 . 4 8 10 . . . 5 7 3 5 Brawler 7 | . . 1 . 1 . . 1 . . . . . . . . . . 1 1 . . . . . . . 2 Duelist 7 | . . 1 . . . . 1 . . . . 1 . . . 1 . . . . . . . . 1 . 2 Protector 2 | . . 1 . . . . . . . . . . . . . . . . . . . . . . . . 1 Sentry 54 | . . 10 3 5 1 . 5 4 . . 2 1 . 1 2 3 . . . 5 . 1 . 1 4 2 4 Specialist 7 | . . . . . . . . . . . . . . . 2 . . 4 . . . . . . 1 . . Hunter 22 | . . . 4 . . 1 . 1 . . . . . . 2 2 . 1 . . . . . 4 1 2 4 Programmer 25 | . . . . . . 3 . . . . 2 1 . . 1 1 . . 1 . . . . 2 . 10 4 Heavy 1 | . . . . . . . . . . . . . . . . . . 1 . . . . . . . . . Behemoth 2 | . . . . . . . . . . . . . . . . . . . . 2 . . . . . . . Cetus Guard 2 | . . . . . . . . . . . . . . . . . . . . . 2 . . . . . . Surgeon 1 | . . . . . . . . . . . . . . . . . . . . . . . . . 1 . . Wasp 1 | . . . . . . . . . 1 . . . . . . . . . . . . . . . . . . Guerrilla 1 | . . . . . . . . . . . . . . . . . . . . . . . . . 1 . . Wizard 2 | . . . . . . . . . . . . . . . . . . . . . . . . . 2 . . Best Kill Streak 12 | 2 8 6 4 7 3 5 8 4 . 2 5 5 . 3 9 8 2 3 5 7 1 2 . 5 10 12 10 Combat Bots Only 10 | . 7 6 3 7 3 5 5 4 . 2 5 4 . 3 4 8 . 3 5 5 1 1 . 4 10 7 8 Max Kills in Single Turn 8 | 1 1 2 1 3 1 1 2 1 1 2 1 2 . 2 5 3 1 1 1 3 1 1 . 2 4 8 6 Gunslinging . | . . . . . . . . . . . . . . . . . . . . . . . . . . . . Exploded 4 | . . 1 . 3 . . . . . 1 . 2 . 2 2 3 . . . 2 . . . . 2 4 4 Melee 1 | . . . . 1 . 1 1 1 . . . . . . . 1 . 1 1 1 . . . . . 1 1 Uniques/NPCs Destroyed . | . . . . . . . . . . . . . . . . . . . . . . . . . . . . Combat | -11 -10 -9 -8 -8 -8 -8 -8 -7 -7 -7 -7 -7 -7 -6 -6 -6 -5 -5 -4 -4 -4 -4 -4 -3 -3 -2 -1 -------- Run | Yrd Mat Mat Mat Gar Mat Gar Mat Fac Was Fac Low Low Dat Pro Fac Gar Fac DSF Fac Ext Cet Arc Hub Res Arm Res Acc Hostile Shots Fired 3757 | . 86 227 83 83 29 70 73 154 . 71 122 167 . 41 255 247 . 113 140 364 38 5 2 61 139 352 835 Missed 1073 | . 26 57 17 21 5 22 21 46 . 24 32 54 . 15 94 79 . 33 49 64 12 1 2 24 55 74 246 Hits 2684 | . 60 170 66 62 24 48 52 108 . 47 90 113 . 26 161 168 . 80 91 300 26 4 . 37 84 278 589 Melee 28 | . . 3 . 4 . . 1 . . . . 4 . . . 1 . . . . . . . . . . 15 Projectile 2656 | . 60 167 66 58 24 48 51 108 . 47 90 109 . 26 161 167 . 80 91 300 26 4 . 37 84 278 574 AOE 5 | . . . . . . . . . . . . . . . . 1 . . . . . . . . 1 2 1 Critical Strikes 90 | . . 5 4 4 2 . 2 . . 1 6 3 . . 1 7 . 3 2 10 5 . . 3 2 10 20 Part Disruptions 6 | . . . . . . . . . . . . . . . . . . 5 . . . . . . . . 1 Damage Taken 48700 | . 779 2219 880 905 375 698 838 887 . 844 1576 2130 . 228 1861 2563 . 2081 1690 6933 670 91 . 610 1984 5938 11920 Core 4336 | . 116 288 . 76 30 26 111 59 . 34 145 208 . 39 186 377 . 139 89 564 26 . . 29 25 142 1627 Absorbed by Shields 1595 | . . . . 111 . . . . . . . . . . . . . . . 19 . . . . . 436 1029 Reduced by Siege Mode 299 | . . . . . . . . . . . . . . . . . . . . 249 . . . . . 45 5 Ignored by Resistances 1499 | . . . . . . . . . . . . . . . 217 . . . . 48 79 . . 112 . . 1043 Regen/Repaired (Parts) 438 | . . . . . . . . 206 . . . . . . . . . . . 152 . . . . 80 . . Core Remaining (%) 61 | 100 53 28 . . . . 55 . . . . . . 30 . 33 . 86 . . . . 40 . 95 90 . Volleys Fired 1154 | 7 68 151 48 65 15 39 63 26 7 30 28 52 . 8 45 50 . 28 56 87 14 22 . 34 43 42 126 Largest 4 | 2 2 2 3 3 3 3 3 2 2 2 3 3 . 2 3 3 . 3 3 3 3 3 . 3 3 4 4 Hottest 209 | 90 89 66 114 114 117 117 114 80 80 80 120 168 . 120 188 188 . 101 101 133 144 116 . 123 125 209 184 Shots Fired 2573 | 14 132 298 128 125 32 88 163 47 14 57 67 88 . 14 84 100 . 59 120 188 39 66 . 102 81 138 329 Gun 1027 | 14 8 . 14 . . . . . . . . 10 . . 37 87 . 55 120 156 25 44 . 72 49 65 271 Cannon 1417 | . 124 294 114 118 32 88 163 42 14 54 67 54 . 5 40 . . . . 21 14 22 . 30 12 70 39 Launcher 113 | . . 4 . 7 . . . 5 . 3 . 22 . 5 3 11 . 4 . 7 . . . . 20 3 19 Special 16 | . . . . . . . . . . . . 2 . 4 4 2 . . . 4 . . . . . . . Kinetic 2327 | . 124 294 114 118 32 88 163 42 14 54 67 54 . 5 74 59 . 47 120 158 28 66 . 102 61 135 308 Thermal 83 | 14 8 . . . . . . . . . . 12 . 4 4 26 . . . 4 11 . . . . . . Explosive 50 | . . 4 . 7 . . . . . . . 11 . 5 3 1 . . . 7 . . . . . 1 11 Electromagnetic 113 | . . . 14 . . . . 5 . 3 . 11 . . 3 14 . 12 . 19 . . . . 20 2 10 Robot Hit Streak 23 | 4 5 11 7 14 6 11 12 7 16 6 3 17 . 8 9 16 . 7 8 13 12 3 . 8 6 22 23 Robot Miss Streak 9 | 1 4 5 5 2 5 4 7 2 1 7 5 6 . . 5 9 . 5 8 6 2 5 . 3 3 6 7 Penetration Max 2 | . . . . . . . 1 . 1 . . . . . 1 . . 1 2 1 1 1 . 1 1 2 1 Secondary Targets 12 | . . . . . . . . . . . . . . . . 2 . 1 4 2 . . . . . . 3 Max Gunslinging Chain 1 | . . . . . . . . . . . . . . . . 1 . 1 1 1 . . . . . . 1 Autonomous 11 | . . . . . . . . . . . . . . . . 11 . . . . . . . . . . . Shots Hit Robots 1592 | 10 43 158 72 76 20 53 92 36 12 35 28 46 . 7 45 115 2 46 76 172 26 34 . 55 47 87 199 Core Hits 928 | 5 23 75 30 49 9 18 48 13 3 22 19 40 . 7 30 78 2 32 51 78 10 14 1 34 52 51 134 Critical Kills 24 | . . . . . . . . . . . 3 2 . . 1 . . . 2 1 2 3 . 7 . 2 1 Critical Parts Destroyed 42 | . . . . . . . . . . 5 2 5 . . 1 1 . 2 1 2 3 5 . 9 . 4 2 Critical Strikes 139 | . 5 3 7 4 . 10 5 6 . 7 7 7 . 3 2 3 . 3 3 12 7 9 . 20 . 11 5 Destroy 69 | . . . . . . . . . . 2 5 7 . . 2 1 . . 3 5 7 9 . 19 . 6 3 Blast 54 | . 5 3 7 2 . 9 4 6 . 2 2 . . 3 . . . . . 4 . . . 1 . 5 1 Smash 6 | . . . . . . . . . . 3 . . . . . . . 2 . 1 . . . . . . . Sever 10 | . . . . 2 . 1 1 . . . . . . . . 2 . 1 . 2 . . . . . . 1 Melee Attacks 272 | . . . . 30 . 29 18 11 . 6 . . . . 2 58 2 15 5 52 . . . . 15 4 25 Impact 29 | . . . . . . . . 1 . 6 . . . . . . . 7 . 5 . . . . 3 . 7 Slashing 201 | . . . . 29 . 29 18 10 . . . . . . 2 51 2 8 5 26 . . . . . 3 18 Piercing . | . . . . . . . . . . . . . . . . . . . . . . . . . . . . Sneak Attacks 55 | . . . . 1 . . 1 . . 1 . . . . . 8 2 . . 29 . . . . 12 1 . Combat Hostiles 2 | . . . . . . . . . . . . . . . . 2 . . . . . . . . . . . Follow-up Attacks 1 | . . . . . . . . . . . . . . . . . . . . 1 . . . . . . . Damage Inflicted 59197 | 118 979 4032 1619 2862 570 1355 2758 970 433 1589 1073 2497 . 273 1707 4338 154 1893 2144 5519 739 1091 4 1927 3349 5305 9899 Guns 16906 | 118 58 . 203 . . . . . . . . 167 . . 543 1193 . 852 2101 2824 519 650 . 1490 765 1552 3871 Cannons 20623 | . 876 3548 1354 1447 567 1153 2376 795 433 863 1073 914 . 116 427 . . . . 470 220 322 . 404 189 1887 1189 Explosions 14279 | . . 356 . 951 . . . . . 441 . 1392 . 125 693 768 . 527 . 820 . . . . 2395 1464 4347 Melee 5934 | . . . . 464 . 190 322 155 . 255 . . . . . 2356 154 511 43 1217 . . . . . . 267 Ramming 1303 | . 45 128 62 . 3 12 60 20 . 30 . . . . . . . 3 . 157 . 119 4 33 . 402 225 Kinetic 36066 | . 876 3548 1354 1447 567 1153 2376 795 433 863 1073 914 . 116 952 721 . 780 2101 3088 590 972 . 1894 954 3439 5060 Thermal 2792 | 118 58 . . . . . . . . 123 . 239 . 32 501 420 . . . 88 149 . . . 534 . 530 Explosive 7766 | . . 356 . 951 . . . . . . . 1093 . 125 236 52 . . . 763 . . . . . 1140 3050 Electromagnetic 5336 | . . . 203 . . . . . . 318 . 251 . . 18 789 . 599 . 206 . . . . 1861 324 767 Impact 725 | . . . . . . . . . . 255 . . . . . . . 290 . 180 . . . . . . . Slashing 5209 | . . . . 464 . 190 322 155 . . . . . . . 2356 154 221 43 1037 . . . . . . 267 Piercing . | . . . . . . . . . . . . . . . . . . . . . . . . . . . . Highest Corruption 24 | . 2 . . 1 1 4 4 . . . 3 15 15 15 1 3 . 5 1 1 1 4 . . 1 10 24 Average Corruption 3 | . 1 . . 1 1 3 4 . . . 2 3 15 15 1 2 . 4 1 1 1 1 . . 1 4 19 Corruption Purged 4 | . . . . . . . . . . . . . . . . . . . . . . 4 . . . . . Corruption Blocked . | . . . . . . . . . . . . . . . . . . . . . . . . . . . . Effects 315 | . 17 . . 5 4 8 33 . . . 29 42 6 29 3 26 . 6 3 17 6 4 . . . 33 44 Message Errors 84 | . 4 . . 2 2 3 4 . . . 10 15 1 10 2 5 . . 1 1 4 1 . . . 11 8 Matter Fused 78 | . 7 . . . 1 2 9 . . . 3 8 . 9 1 8 . 2 . 5 1 . . . . 7 15 Heat Flow Errors 36 | . 2 . . . . . 5 . . . 3 5 2 2 . 6 . . . 1 . . . . . 3 7 Energy Discharges 29 | . 2 . . 1 . 1 3 . . . 4 4 . 2 . 1 . 2 1 4 . 1 . . . 3 . Parts Rejected 3 | . . . . . . . . . . . . . . . . 1 . . . . . . . . . 1 1 Parts Fused 5 | . 1 . . . . . . . . . . 1 . . . . . 1 . . . . . . . 2 . Data Loss (minor) 33 | . . . . . . . 8 . . . 3 3 2 2 . 3 . . 1 4 . 2 . . . 2 3 Data Loss (major) 14 | . . . . 1 1 . 2 . . . 2 2 1 1 . . . . . 1 1 . . . . 1 1 Misfires 15 | . . . . 1 . 2 2 . . . 3 3 . 2 . . . . . 1 . . . . . 1 . Alerts 6 | . 1 . . . . . . . . . 1 . . 1 . 1 . . . . . . . . . 1 1 Misdirections 5 | . . . . . . . . . . . . . . . . . . . . . . . . . . . 5 Weapon Failures 7 | . . . . . . . . . . . . 1 . . . 1 . 1 . . . . . . . 1 3 Overload Shots . | . . . . . . . . . . . . . . . . . . . . . . . . . . . . Overflow Damage 1958 | . 20 53 23 42 . 11 21 . . 213 37 37 . . 194 43 . 149 . 233 . 55 . . 122 437 268 Projectiles 301 | . 20 28 23 19 . 11 21 . . . 37 11 . . . . . . . 15 . 12 . . 10 82 12 Explosions 965 | . . 25 . 23 . . . . . 25 . 26 . . 194 . . . . 27 . . . . 112 284 249 Melee 692 | . . . . . . . . . . 188 . . . . . 43 . 149 . 191 . 43 . . . 71 7 Knockbacks 169 | . 9 21 13 14 1 12 27 2 . 4 8 4 . . 6 . . 3 . 7 1 4 . 4 . 23 6 Impact 14 | . 1 1 . . . . 1 . . . . . . . . . . 2 . 3 . 2 . 1 . 3 . Kinetic 140 | . 7 18 12 13 1 12 24 2 . 4 7 4 . . 4 . . . . 4 1 2 . 3 . 16 6 Secondary 15 | . 1 2 1 1 . . 2 . . . 1 . . . 2 . . 1 . . . . . . . 4 . Self-Inflicted Damage 1016 | . . 109 . 40 . . . . . 133 . 68 . 11 88 15 . 41 . 17 . . . . 138 92 264 Shots 30 | . . 2 . 1 . . . . . 2 . 3 . 1 1 1 . 3 . 2 . . . . 4 2 8 Rammed 99 | . 10 22 5 . 1 2 5 1 . 4 . . . . . . . . . 6 . 2 1 2 . 18 20 Targets Rammed 119 | . 11 26 6 . 1 2 6 1 . 4 . . . . . . . 1 . 6 . 3 1 2 . 24 25 Kicked . | . . . . . . . . . . . . . . . . . . . . . . . . . . . . Crushed 20 | . 1 4 1 . . . 1 . . . . . . . . . . 1 . . . 1 . . . 6 5 Highest Temperature 534 | 150 248 375 318 72 39 97 334 3 . 13 310 258 218 257 18 242 . 33 245 334 99 382 . 27 128 488 534 Average Temperature 90 | 64 80 75 101 27 17 37 77 3 . 7 120 73 119 110 11 62 . 13 85 111 32 138 . 13 39 140 150 Received Heat Transfer 10054 | . 150 948 297 423 234 234 477 249 . 243 378 552 . 30 351 694 . 153 446 1672 90 . . 69 229 1062 1073 Effects 34 | . 2 3 1 . . . 2 . . . . . . . . . . . 3 1 . 4 . . . 6 12 Shutdowns 11 | . . 1 . . . . . . . . . . . . . . . . . . . 2 . . . 3 5 Energy Bleed 9 | . . 2 1 . . . 2 . . . . . . . . . . . . 1 . . . . . 3 . Interference 9 | . 2 . . . . . . . . . . . . . . . . . 3 . . . . . . . 4 Matter Decay 2 | . . . . . . . . . . . . . . . . . . . . . . 1 . . . . 1 Damage (minor) 3 | . . . . . . . . . . . . . . . . . . . . . . 1 . . . . 2 Siege Activations 6 | . . . . . . . . . . . . . . . . . . . . 1 . . . . . 3 2 Total Turns 96 | . . . . . . . . . . . . . . . . . . . . 26 . . . . . 42 28 Longest Duration 26 | . . . . . . . . . . . . . . . . . . . . 26 . . . . . 15 19 Martial Activations . | . . . . . . . . . . . . . . . . . . . . . . . . . . . . Shielding Activations . | . . . . . . . . . . . . . . . . . . . . . . . . . . . . Robots Disrupted 2 | . . . . . . . . . . . . . . . . 1 . . . 1 . . . . . . . Combat Hostiles 2 | . . . . . . . . . . . . . . . . 1 . . . 1 . . . . . . . Robots Corrupted 17 | . . . 1 . . . . . . . . 1 . . . . . 3 . 2 . 1 . . 6 2 1 Combat Hostiles 11 | . . . . . . . . . . . . 1 . . . . . 2 . 1 . . . . 6 . 1 Parts Fried 43 | . . . 2 . . . . . . 2 . 2 . . . 2 . 8 . 3 . 5 . . 9 7 3 Impact Corruptions 23 | . . . 1 . . . . . . 4 . . . . . . . 6 . 4 . 4 . . . 4 . Robots Melted 1 | . . . . . . . . . . . . . . . 1 . . . . . . . . . . . . Combat Hostiles 1 | . . . . . . . . . . . . . . . 1 . . . . . . . . . . . . Parts Melted 10 | . . . . . . . . . . 3 . 2 . . 2 3 . . . . . . . . . . . Heat Transferred 4573 | 322 148 . . . . . . . . 350 . 585 . 240 570 935 . . . 290 333 . . . 550 . 250 Parts Sabotaged . | . . . . . . . . . . . . . . . . . . . . . . . . . . . . Parts Stolen . | . . . . . . . . . . . . . . . . . . . . . . . . . . . . Parts Stripped . | . . . . . . . . . . . . . . . . . . . . . . . . . . . . Power Chain Reactions 12 | . . . . . . . . . . 2 . 1 . . . . . . . 1 . . . . 6 . 2 Alert | -11 -10 -9 -8 -8 -8 -8 -8 -7 -7 -7 -7 -7 -7 -6 -6 -6 -5 -5 -4 -4 -4 -4 -4 -3 -3 -2 -1 ------- Run | Yrd Mat Mat Mat Gar Mat Gar Mat Fac Was Fac Low Low Dat Pro Fac Gar Fac DSF Fac Ext Cet Arc Hub Res Arm Res Acc Maximum Alert Level 4 | . . 3 2 4 2 2 1 1 . 4 . . . . . 3 1 2 1 1 1 1 . 2 2 3 3 Low Security (%) 37 | 100 100 35 20 14 . . 7 62 100 24 . . . . 100 7 . . 28 91 12 81 100 14 25 . . Level 1 26 | . . 43 38 13 10 15 92 37 . 6 . . . . . 12 100 73 71 8 87 18 . 3 63 30 1 Level 2 24 | . . 12 40 6 89 84 . . . 11 . . . . . 72 . 26 . . . . . 82 10 15 86 Level 3 7 | . . 8 . 34 . . . . . 9 . . . . . 6 . . . . . . . . . 53 12 Level 4 3 | . . . . 31 . . . . . 48 . . . . . . . . . . . . . . . . . Level 5 . | . . . . . . . . . . . . . . . . . . . . . . . . . . . . High Security . | . . . . . . . . . . . . . . . . . . . . . . . . . . . . Max Security . | . . . . . . . . . . . . . . . . . . . . . . . . . . . . Sterilizations 1 | . . . . . . . . . . . . . . . . . . 1 . . . . . . . . . Peak Influence 1584 | 10 149 968 470 1300 633 653 399 266 72 1584 . . . . 146 742 389 421 296 310 328 259 87 546 633 874 1044 Initial 633 | . . 1 406 131 633 255 317 145 72 . . . . . 50 46 389 261 220 133 136 78 22 27 237 312 515 Average 336 | 2 25 293 339 762 467 517 275 151 12 881 . . . . 48 488 381 312 217 77 234 156 60 413 259 628 582 Influence Increases 17076 | 20 372 1587 533 1189 140 408 811 344 1 2187 316 491 . 182 426 936 15 300 440 1181 560 268 90 780 774 1195 1530 Destroy 0b10 Robot/C 8800 | . 200 900 300 680 100 220 440 160 . 720 280 380 . 140 200 440 . 200 320 600 240 80 20 320 480 620 760 Destroy 0b10 Robot/NC 835 | 20 60 125 40 15 . . 60 . . 80 . 10 . . 35 40 10 15 5 105 10 25 . 30 5 65 80 Destroy Leader 1592 | . 40 242 96 40 20 20 106 60 . 160 20 50 . 20 60 40 . 40 40 72 10 . 10 76 100 144 126 Allied During Kill 2032 | . . . . 83 . . . . . 782 16 6 . 22 8 53 . . 9 227 257 98 29 305 118 19 . Successful Hack 354 | . 43 44 6 30 8 14 19 12 . 39 . . . . 14 14 5 . . 39 . . 14 . . 29 24 Select Force Hacks 250 | . . 60 60 . . . 60 . . 70 . . . . . . . . . . . . . . . . . Disable Machine 675 | . 15 105 . 15 . 15 30 75 . 150 . . . . 30 15 . . . 30 15 45 15 15 15 45 45 Anti-Garrison Action 500 | . . . . 150 . 100 . . . . . . . . . 250 . . . . . . . . . . . Destroy Structure 1438 | . 14 51 31 86 12 24 66 7 1 141 . . . . 49 54 . . 36 108 28 20 2 34 56 183 435 Partial Spotted 45 | . . . . . . . . . . . . . . . 30 . . . . . . . . . . 15 . Lose Combat Pursuer 555 | . . 60 . 90 . 15 30 30 . 45 . 45 . . . 30 . 45 30 . . . . . . 75 60 Influence Decreases 16118 | 20 368 627 1294 92 1047 148 1144 457 208 735 1230 941 88 102 439 261 383 253 587 1211 608 400 102 379 630 933 1431 Entered New Map 4810 | . . 3 558 72 667 138 336 175 135 . 538 103 88 . 30 21 353 113 201 141 108 118 42 25 216 285 344 Time Decay 7377 | 20 355 534 416 . 190 . 498 262 73 364 562 658 . 102 239 . 30 . 356 503 270 262 40 334 254 478 577 Lost Part 1781 | . 13 90 20 20 20 10 10 20 . . 70 160 . . 170 160 . 120 10 178 50 . . . . 150 510 Lost Ally 950 | . . . . . 20 . . . . 221 60 20 . . . 80 . 20 20 89 180 20 20 20 160 20 . Purge Threat 1200 | . . . 300 . 150 . 300 . . 150 . . . . . . . . . 300 . . . . . . . Squads Dispatched 95 | . 2 9 3 . 1 . 3 5 . 16 . 1 . . 8 . . 3 3 1 1 . 1 9 5 11 13 Investigation 34 | . 2 5 2 . 1 . 2 1 . 7 . . . . 1 . . . 1 . 1 . . 4 2 3 2 Extermination 10 | . . . . . . . . . . 2 . . . . 1 . . . 1 . . . . . . 3 3 Reinforcement 24 | . . 3 . . . . . 1 . 2 . . . . 3 . . 3 1 1 . . 1 5 1 . 3 Assault 14 | . . 1 . . . . . . . 4 . 1 . . . . . . . . . . . . 2 2 4 Garrison 13 | . . . 1 . . . 1 3 . 1 . . . . 3 . . . . . . . . . . 3 1 Intercept . | . . . . . . . . . . . . . . . . . . . . . . . . . . . . Searches Triggered . | . . . . . . . . . . . . . . . . . . . . . . . . . . . . Data Miner Redirects 12 | . . . . . . . . . . . . . . . . . . . . . . . . . 1 4 7 Construction Impeded 5 | . . 1 . . . . . 1 . 1 . . . . 1 . . . . 1 . . . . . . . Haulers Reinforced 8 | . . . . . . . . . . 1 . . . . . . . . 1 . . . . 4 . . 2 Active Scanning Responses . | . . . . . . . . . . . . . . . . . . . . . . . . . . . . Cargo Convoy Interrupts . | . . . . . . . . . . . . . . . . . . . . . . . . . . . . Stealth | -11 -10 -9 -8 -8 -8 -8 -8 -7 -7 -7 -7 -7 -7 -6 -6 -6 -5 -5 -4 -4 -4 -4 -4 -3 -3 -2 -1 --------- Run | Yrd Mat Mat Mat Gar Mat Gar Mat Fac Was Fac Low Low Dat Pro Fac Gar Fac DSF Fac Ext Cet Arc Hub Res Arm Res Acc Distress Signals 28 | . 2 3 2 . 1 . . . . 2 . . . . . . . . 1 1 2 . . 7 . 3 4 Communications Jammed 242 | . . . . . . . . . . . . . . . . . . . 2 1 . . . . . 45 194 Distress Signals 240 | . . . . . . . . . . . . . . . . . . . 2 1 . . . . . 45 192 Times Spotted 605 | . 17 62 23 31 8 15 26 10 . 36 14 25 . 5 15 26 . 16 23 38 10 19 1 18 35 52 80 Peak Tracking Total 13 | . 7 8 4 10 3 3 4 4 . 7 5 6 . 3 3 8 . 4 5 8 5 2 2 7 9 8 13 Tactical Retreats 29 | . . 4 . 3 . 1 1 1 . 3 . 3 . . . 2 . 2 2 . . . . . . 4 3 Traps | -11 -10 -9 -8 -8 -8 -8 -8 -7 -7 -7 -7 -7 -7 -6 -6 -6 -5 -5 -4 -4 -4 -4 -4 -3 -3 -2 -1 ------- Run | Yrd Mat Mat Mat Gar Mat Gar Mat Fac Was Fac Low Low Dat Pro Fac Gar Fac DSF Fac Ext Cet Arc Hub Res Arm Res Acc Traps Triggered 11 | . 3 1 . . . . . 1 . 1 . . . . . 4 . . . . . . . . . 1 . Indirectly 4 | . . . . . . . . . . . . . . . . 4 . . . . . . . . . . . Trap Hack Attempts 4 | . . . . . . . . . . . . . . . . . . . . . . . . 4 . . . Triggered . | . . . . . . . . . . . . . . . . . . . . . . . . . . . . Disarmed . | . . . . . . . . . . . . . . . . . . . . . . . . . . . . Reprogrammed 1 | . . . . . . . . . . . . . . . . . . . . . . . . 1 . . . Reused . | . . . . . . . . . . . . . . . . . . . . . . . . . . . . Traps Extracted . | . . . . . . . . . . . . . . . . . . . . . . . . . . . . Installed . | . . . . . . . . . . . . . . . . . . . . . . . . . . . . Triggered . | . . . . . . . . . . . . . . . . . . . . . . . . . . . . Machines | -11 -10 -9 -8 -8 -8 -8 -8 -7 -7 -7 -7 -7 -7 -6 -6 -6 -5 -5 -4 -4 -4 -4 -4 -3 -3 -2 -1 ---------- Run | Yrd Mat Mat Mat Gar Mat Gar Mat Fac Was Fac Low Low Dat Pro Fac Gar Fac DSF Fac Ext Cet Arc Hub Res Arm Res Acc Machines Disabled 53 | . 1 7 . 3 . 2 2 5 . 10 . 1 . . 2 3 . . . 3 2 3 1 1 1 3 3 Max in Single Turn 3 | . 1 1 . 1 . 1 1 1 . 3 . 1 . . 2 1 . . . 1 1 1 . . 1 1 1 Garrison Access 3 | . . . . . . . 1 . . . . . . . . . . . . . . . . . . 1 1 Garrison Relay 5 | . . . . 2 . 1 . . . . . . . . . 2 . . . . . . . . . . . Energy Cycler 1 | . . . . . . . . . . . . . . . . . . . . . . . . . . . 1 Machines Repaired . | . . . . . . . . . . . . . . . . . . . . . . . . . . . . Machines Dismantled . | . . . . . . . . . . . . . . . . . . . . . . . . . . . . Machines Sabotaged 1 | . . . . . . . . . . 1 . . . . . . . . . . . . . . . . . Overloaded Fab Kills . | . . . . . . . . . . . . . . . . . . . . . . . . . . . . Hacking | -11 -10 -9 -8 -8 -8 -8 -8 -7 -7 -7 -7 -7 -7 -6 -6 -6 -5 -5 -4 -4 -4 -4 -4 -3 -3 -2 -1 --------- Run | Yrd Mat Mat Mat Gar Mat Gar Mat Fac Was Fac Low Low Dat Pro Fac Gar Fac DSF Fac Ext Cet Arc Hub Res Arm Res Acc Machines Accessed 100 | . 10 13 7 2 3 1 11 4 . 8 2 . 4 . 1 2 1 . 3 6 1 1 1 2 5 6 6 Terminals 60 | . 8 9 4 2 2 1 8 . . 5 . . . . . 2 1 . 2 4 1 . 1 1 3 2 4 Fabricators 10 | . . . . . . . . 1 . 3 . . . . . . . . 1 . . . . 1 2 1 1 Repair Stations 4 | . . . . . . . . 2 . . . . . . . . . . . 1 . . . . . 1 . Recycling Units 8 | . 2 2 1 . . . 1 . . . . . . . . . . . . 1 . . . . . . 1 Scanalyzers 4 | . . 2 1 . . . 1 . . . . . . . . . . . . . . . . . . . . Garrison Access 7 | . . . 1 . 1 . 1 1 . . . . . . 1 . . . . . . . . . . 2 . Total Hacks 307 | . 28 38 26 4 14 2 30 9 . 23 6 . 31 . 2 4 1 . 9 16 5 16 2 5 12 13 11 Successful 164 | . 12 20 17 2 4 2 15 4 . 9 6 . 31 . 1 3 1 . 3 8 . 16 1 . 2 6 1 Failed 142 | . 16 18 9 2 10 . 15 5 . 13 . . . . 1 1 . . 6 8 5 . 1 5 10 7 10 Catastrophic 22 | . 3 1 1 . 2 . 5 . . 1 . . . . 1 . . . 1 . 1 . . 1 2 2 1 Database Lockouts 1 | . . . . . . . . . . 1 . . . . . . . . . . . . . . . . . Manual 128 | . 21 27 14 . 9 1 20 1 . 14 . . . . . 2 . . 2 5 1 3 . . 5 3 . Terminals 179 | . 23 32 17 4 11 2 22 . . 18 . . . . . 4 1 . 5 11 5 . 2 2 8 5 7 Fabricators 22 | . . . . . . . . 2 . 5 . . . . . . . . 4 . . . . 3 4 2 2 Repair Stations 10 | . . . . . . . . 4 . . . . . . . . . . . 3 . . . . . 3 . Recycling Units 16 | . 5 3 2 . . . 2 . . . . . . . . . . . . 2 . . . . . . 2 Scanalyzers 12 | . . 3 5 . . . 4 . . . . . . . . . . . . . . . . . . . . Garrison Access 15 | . . . 2 . 3 . 2 3 . . . . . . 2 . . . . . . . . . . 3 . Terminal Hacks 102 | . 4 6 9 2 3 1 8 . . 5 6 . 31 . . 2 1 . 1 4 . 16 1 . . 1 1 Record 33 | . . . . . . . . . . . 5 . 11 . . . . . . . . 16 . . . 1 . Part Schematic 15 | . . 1 1 . . . . . . 2 . . 11 . . . . . . . . . . . . . . Robot Schematic 6 | . . . . . . . . . . . . . 6 . . . . . . . . . . . . . . Prototype ID Bank 12 | . 3 2 3 . . . 1 . . . . . 3 . . . . . . . . . . . . . . Open Door 2 | . . . . . . . . . . . 1 . . . . . . . . 1 . . . . . . . Open DSF 1 | . . . . . . . . . . . . . . . . . 1 . . . . . . . . . . Level Access Points 1 | . . . . . . . . . . . . . . . . . . . . . . . . . . . 1 Branch Access Points 3 | . . 1 . . . . 1 . . 1 . . . . . . . . . . . . . . . . . Emergency Access Points 4 | . . . 1 1 1 . . . . . . . . . . . . . . . . . 1 . . . . Terminal Index 1 | . . . . . . . 1 . . . . . . . . . . . . . . . . . . . . Alert Level 9 | . 1 . 2 . 1 . 2 . . 1 . . . . . . . . 1 1 . . . . . . . Unreport Threat 8 | . . . 2 . 1 . 2 . . 1 . . . . . . . . . 2 . . . . . . . Locate Traps 2 | . . 1 . . . . 1 . . . . . . . . . . . . . . . . . . . . Recall Reinforcements 1 | . . 1 . . . . . . . . . . . . . . . . . . . . . . . . . Garrison Registry 1 | . . . . . . . . . . . . . . . . 1 . . . . . . . . . . . Patrol Navigation 2 | . . . . . . 1 . . . . . . . . . 1 . . . . . . . . . . . Security Stations 1 | . . . . 1 . . . . . . . . . . . . . . . . . . . . . . . Fabricator Hacks 7 | . . . . . . . . 1 . . . . . . . . . . 2 . . . . . 2 2 . Network Status 1 | . . . . . . . . 1 . . . . . . . . . . . . . . . . . . . Load Schematic 3 | . . . . . . . . . . . . . . . . . . . 1 . . . . . 1 1 . Build 3 | . . . . . . . . . . . . . . . . . . . 1 . . . . . 1 1 . Repair Station Hacks 6 | . . . . . . . . 3 . . . . . . . . . . . 2 . . . . . 1 . Scan Component 4 | . . . . . . . . 2 . . . . . . . . . . . 1 . . . . . 1 . Repair 2 | . . . . . . . . 1 . . . . . . . . . . . 1 . . . . . . . Recycling Unit Hacks 6 | . 1 3 1 . . . . . . . . . . . . . . . . 1 . . . . . . . Retrieve Matter 1 | . . 1 . . . . . . . . . . . . . . . . . . . . . . . . . Retrieve Components 5 | . 1 2 1 . . . . . . . . . . . . . . . . 1 . . . . . . . Scanalyzer 5 | . . . 3 . . . 2 . . . . . . . . . . . . . . . . . . . . Insert Component 2 | . . . 1 . . . 1 . . . . . . . . . . . . . . . . . . . . Analyze 3 | . . . 2 . . . 1 . . . . . . . . . . . . . . . . . . . . Garrison Access Hacks 5 | . . . 1 . 1 . 1 . . . . . . . 1 . . . . . . . . . . 1 . Unlock Access 3 | . . . 1 . 1 . . . . . . . . . 1 . . . . . . . . . . . . Seal Access 2 | . . . . . . . 1 . . . . . . . . . . . . . . . . . . 1 . Unauthorized Hacks 32 | . 6 11 3 . . 1 4 . . 4 . . . . . 1 . . . 1 . . . . . 1 . Terminals 24 | . 6 9 1 . . 1 2 . . 2 . . . . . 1 . . . 1 . . . . . 1 . Botnet 8 | . 1 3 1 . . . 1 . . 1 . . . . . . . . . . . . . . . 1 . Operators 2 | . . 1 . . . . . . . . . . . . . . . . . 1 . . . . . . . Skim 11 | . 5 5 . . . . 1 . . . . . . . . . . . . . . . . . . . . Sabotage 1 | . . . . . . . . . . 1 . . . . . . . . . . . . . . . . . Override 2 | . . . . . . 1 . . . . . . . . . 1 . . . . . . . . . . . Fabricators 2 | . . . . . . . . . . 2 . . . . . . . . . . . . . . . . . Fabnet 1 | . . . . . . . . . . 1 . . . . . . . . . . . . . . . . . Download 1 | . . . . . . . . . . 1 . . . . . . . . . . . . . . . . . Repair Stations . | . . . . . . . . . . . . . . . . . . . . . . . . . . . . Recycling Units 2 | . . . 1 . . . 1 . . . . . . . . . . . . . . . . . . . . Tunnel 2 | . . . 1 . . . 1 . . . . . . . . . . . . . . . . . . . . Scanalyzers 4 | . . 2 1 . . . 1 . . . . . . . . . . . . . . . . . . . . Extract 4 | . . 2 1 . . . 1 . . . . . . . . . . . . . . . . . . . . Garrison Access . | . . . . . . . . . . . . . . . . . . . . . . . . . . . . Data Cores Recovered 5 | . 1 . 1 . . . 2 . . . . . . . . . . . . 1 . . . . . . . Used 1 | . . . . . . . 1 . . . . . . . . . . . . . . . . . . . . Hacking Detections 75 | . 8 9 6 2 2 . 10 3 . 7 . . . . 1 1 . . 3 4 1 . 1 2 4 5 6 Full Trace Events 24 | . 4 2 . 1 1 . 1 1 . 3 . . . . 1 . . . 1 . 1 . . 2 2 2 2 Feedback Events 2 | . 1 . . 1 . . . . . . . . . . . . . . . . . . . . . . . Corruption 2 | . 1 . . 1 . . . . . . . . . . . . . . . . . . . . . . . Feedback Blocked . | . . . . . . . . . . . . . . . . . . . . . . . . . . . . Robot Schematics Acquired 7 | . . . . . . . . . . 1 . . 6 . . . . . . . . . . . . . . Robots Built 6 | . . . . . . . . . . . . . . . . . . . 2 . . . . . 2 2 . Authchips 3 | . . . . . . . . . . . . . . . . . . . 1 . . . . . 1 1 . Time 245 | . . . . . . . . . . . . . . . . . . . 44 . . . . . 67 134 . Total Robot Build Rating 24 | . . . . . . . . . . . . . . . . . . . 8 . . . . . 8 8 . Part Schematics Acquired 31 | . . 10 4 . . . 4 . . 2 . . 11 . . . . . . . . . . . . . . Parts Built . | . . . . . . . . . . . . . . . . . . . . . . . . . . . . Authchips . | . . . . . . . . . . . . . . . . . . . . . . . . . . . . Time . | . . . . . . . . . . . . . . . . . . . . . . . . . . . . Total Part Build Rating . | . . . . . . . . . . . . . . . . . . . . . . . . . . . . Parts Repaired 2 | . . . . . . . . 1 . . . . . . . . . . . 1 . . . . . . . Time 63 | . . . . . . . . 38 . . . . . . . . . . . 25 . . . . . . . Parts Recycled . | . . . . . . . . . . . . . . . . . . . . . . . . . . . . Recycled Matter . | . . . . . . . . . . . . . . . . . . . . . . . . . . . . Retrieved Matter . | . . . . . . . . . . . . . . . . . . . . . . . . . . . . Retrieved Components 40 | . 10 10 10 . . . . . . . . . . . . . . . . 10 . . . . . . . Parts Scanalyzed 2 | . . . 1 . . . 1 . . . . . . . . . . . . . . . . . . . . Part Schematics Acquired 2 | . . . 1 . . . 1 . . . . . . . . . . . . . . . . . . . . Parts Damaged . | . . . . . . . . . . . . . . . . . . . . . . . . . . . . Bothacking | -11 -10 -9 -8 -8 -8 -8 -8 -7 -7 -7 -7 -7 -7 -6 -6 -6 -5 -5 -4 -4 -4 -4 -4 -3 -3 -2 -1 ------------ Run | Yrd Mat Mat Mat Gar Mat Gar Mat Fac Was Fac Low Low Dat Pro Fac Gar Fac DSF Fac Ext Cet Arc Hub Res Arm Res Acc Used RIF Installer . | . . . . . . . . . . . . . . . . . . . . . . . . . . . . Robots Hacked 2 | . . . . 1 . . . . . . . . . . . . . . . . . . . . . 1 . Non-combat 1 | . . . . . . . . . . . . . . . . . . . . . . . . . . 1 . Combat 1 | . . . . 1 . . . . . . . . . . . . . . . . . . . . . . . Robot Hacks Applied 2 | . . . . 1 . . . . . . . . . . . . . . . . . . . . . 1 . parse_system 1 | . . . . 1 . . . . . . . . . . . . . . . . . . . . . . . no_distress 1 | . . . . . . . . . . . . . . . . . . . . . . . . . . 1 . Relay Couplers Released 25 | . . . . 10 . 4 . . . . . . . . . 9 . . . . . . . . . 2 . Machine Destruction 25 | . . . . 10 . 4 . . . . . . . . . 9 . . . . . . . . . 2 . Fabnet Peak Effective % 3 | . . . . . . . . . . . . . . 3 3 3 1 1 . . . . . . . . . Robots Rewired 23 | . . . . . . . . . . . . 1 . . . 5 2 . . 10 . . . . 5 . . Allies Hacked 2 | . . . . 1 . . . . . . 1 . . . . . . . . . . . . . . . . Hacks Repelled 1 | . . . . . . . . . . . . . . . . 1 . . . . . . . . . . . Allies | -11 -10 -9 -8 -8 -8 -8 -8 -7 -7 -7 -7 -7 -7 -6 -6 -6 -5 -5 -4 -4 -4 -4 -4 -3 -3 -2 -1 -------- Run | Yrd Mat Mat Mat Gar Mat Gar Mat Fac Was Fac Low Low Dat Pro Fac Gar Fac DSF Fac Ext Cet Arc Hub Res Arm Res Acc Total Allies 71 | . . . . 4 . . . . 20 . . 1 . 1 . 5 2 . 2 21 5 . . . 7 3 . Largest Group 20 | . . . . 4 1 . . . 20 19 3 1 . 1 1 4 1 2 2 14 14 6 5 4 5 3 . Highest-Rated Group 880 | . . . . 264 39 . . . 520 506 93 16 . 96 96 142 12 41 74 702 880 481 385 334 297 104 . Highest-Rated Ally 178 | . . . . 178 39 . . . 35 35 31 16 . 96 96 46 12 29 37 159 147 96 96 96 89 37 . Initial Warlord ECA Mod 176 | . . . . . 4 4 5 4 4 4 4 4 4 3 3 3 6 6 15 15 15 15 15 14 13 9 7 Warlord Squad Rendezvous 8 | . . . . . . . . . . . . . . . . . . . . . . . . 1 3 1 3 Infantry 1 | . . . . . . . . . . . . . . . . . . . . . . . . 1 . . . Muscle 1 | . . . . . . . . . . . . . . . . . . . . . . . . . . . 1 Geek 2 | . . . . . . . . . . . . . . . . . . . . . . . . . 2 . . Ranger 2 | . . . . . . . . . . . . . . . . . . . . . . . . . 1 . 1 Pyro 2 | . . . . . . . . . . . . . . . . . . . . . . . . . . 1 1 Total Orders 18 | . . . . . . . . . . . . . . . . 2 . 1 . 2 3 . . 4 5 1 . STAY 9 | . . . . . . . . . . . . . . . . 1 . . . 1 1 . . 2 3 1 . ROAM 1 | . . . . . . . . . . . . . . . . . . 1 . . . . . . . . . FOLLOW 8 | . . . . . . . . . . . . . . . . 1 . . . 1 2 . . 2 2 . . Ally Attacks 624 | . . . . 24 3 . . . . 249 5 4 . 9 13 15 . 11 11 88 68 18 2 46 30 28 . Total Damage 15575 | . . . . 444 35 . . . . 4607 62 22 . 277 414 489 . 117 279 2896 2154 646 71 1548 953 561 . Kills 117 | . . . . 6 . . . . . 44 1 . . 3 2 4 . . 2 18 15 3 1 7 7 4 . Allies Corrupted 1 | . . . . . . . . . . . . . . . . . . 1 . . . . . . . . . Allies Melted 3 | . . . . . . . . . . . . . . . . . . . . 2 . . . . 1 . . Intel | -11 -10 -9 -8 -8 -8 -8 -8 -7 -7 -7 -7 -7 -7 -6 -6 -6 -5 -5 -4 -4 -4 -4 -4 -3 -3 -2 -1 ------- Run | Yrd Mat Mat Mat Gar Mat Gar Mat Fac Was Fac Low Low Dat Pro Fac Gar Fac DSF Fac Ext Cet Arc Hub Res Arm Res Acc Active Infowar (turns) 7601 | . 527 346 168 . . . . . . . . . . . 180 156 . . 661 586 107 575 82 755 550 1236 1672 Optics 4388 | . . . . . . . . . . . . . . . . . . . . . 107 575 82 755 550 1236 1083 IFF 2871 | . . . . . . . . . . . . . . . . . . . . . 1 374 82 695 238 . 1481 Terrain 1698 | . . 346 168 . . . . . . . . . . . 180 156 . . 455 393 . . . . . . . Seismic 528 | . 527 . . . . . . . . . . . . . 1 . . . . . . . . . . . . Jamming 2652 | . . . . . . . . . . . . . . . . . . . 206 193 . . . . . 612 1641 Robot Analysis Total . | . . . . . . . . . . . . . . . . . . . . . . . . . . . . Derelict Logs Recovered 3 | . . . . . . . . . . . 2 1 . . . . . . . . . . . . . . . Drone Launches . | . . . . . . . . . . . . . . . . . . . . . . . . . . . . Drone Recoveries . | . . . . . . . . . . . . . . . . . . . . . . . . . . . . Exploration | -11 -10 -9 -8 -8 -8 -8 -8 -7 -7 -7 -7 -7 -7 -6 -6 -6 -5 -5 -4 -4 -4 -4 -4 -3 -3 -2 -1 ------------- Run | Yrd Mat Mat Mat Gar Mat Gar Mat Fac Was Fac Low Low Dat Pro Fac Gar Fac DSF Fac Ext Cet Arc Hub Res Arm Res Acc Turns Passed 26906 | 130 1976 2251 1018 1040 394 641 1336 564 463 862 1672 2465 199 761 683 1512 64 406 807 2099 591 575 82 755 550 1236 1774 Spaces Moved 11480 | 57 880 984 467 406 193 245 562 252 245 438 669 737 76 353 298 692 33 121 374 975 292 277 35 363 237 532 687 Core 111 | 5 . . . . . . . . . . . . . . . . . . . 25 . . . . . . 81 Treads 8685 | 52 880 984 467 406 193 245 562 252 245 438 669 192 . . . 77 . 84 374 452 76 277 35 363 237 532 593 Legs 1421 | . . . . . . . . . . . . 341 76 353 175 406 33 37 . . . . . . . . . Wheels 1263 | . . . . . . . . . . . . 204 . . 123 209 . . . 498 216 . . . . . 13 Hover . | . . . . . . . . . . . . . . . . . . . . . . . . . . . . Flight . | . . . . . . . . . . . . . . . . . . . . . . . . . . . . Fastest Speed 50 | 50 160 160 165 170 163 170 170 170 163 167 167 190 263 197 101 101 118 118 160 50 138 160 160 160 152 148 50 Average Speed 177 | 152 160 162 166 170 169 170 170 170 167 167 234 303 263 200 164 158 118 162 160 155 163 160 160 162 156 170 159 Slowest Speed 640 | 160 160 167 170 250 170 170 170 250 170 167 325 480 263 263 400 260 118 270 160 640 305 160 160 165 165 320 305 Overloaded Moves . | . . . . . . . . . . . . . . . . . . . . . . . . . . . . Propulsion Burnouts . | . . . . . . . . . . . . . . . . . . . . . . . . . . . . Robots Hopped . | . . . . . . . . . . . . . . . . . . . . . . . . . . . . Potential Cave-ins 3 | . 3 . . . . . . . . . . . . . . . . . . . . . . . . . . Cave-ins Triggered 1 | . 1 . . . . . . . . . . . . . . . . . . . . . . . . . . Exploration Rate (%) 46 | 5 99 98 31 60 20 32 49 6 95 21 77 80 68 57 10 62 1 75 11 87 67 96 6 20 28 20 20 Regions Visited 27 Branch Regions 9 Pre-discovered Areas 6 | . . 1 1 . . . 1 . . . 1 1 1 . . . . . . . . . . . . . . Known Exits Taken 8 | . . 1 1 . 1 . 1 . . 1 . 1 . . 1 . 1 . . . . . . . . . . Unknown Exits Taken 13 | 1 1 . . . . . . . . . 1 . 1 1 . . . . 1 1 1 1 1 1 1 1 . Scrap Searched 8 | . . . . . . . . . . . 2 4 . 2 . . . . . . . . . . . . . Spaces Dug 111 | . 4 . 1 3 . 5 17 5 . . . 32 . 6 5 6 . . 4 . . . . 1 2 4 16 Terrain Destroyed 895 | . 16 62 26 32 10 6 76 7 1 77 17 94 . 46 50 9 . 1 18 46 6 18 . 5 29 66 177 Melee 47 | . . . . 2 . 4 9 5 . . . . . . 2 6 . . 4 . . . . . 2 3 10 Projectile 301 | . 16 15 26 1 10 2 67 2 1 9 17 18 . 1 13 . . 1 14 19 6 18 . 3 9 17 16 AOE 539 | . . 47 . 29 . . . . . 68 . 76 . 45 35 3 . . . 27 . . . . 18 46 145 Terrain Rammed . | . . . . . . . . . . . . . . . . . . . . . . . . . . . . Walls Destroyed . | . . . . . . . . . . . . . . . . . . . . . . . . . . . . Machines Disabled . | . . . . . . . . . . . . . . . . . . . . . . . . . . . . Actions | -11 -10 -9 -8 -8 -8 -8 -8 -7 -7 -7 -7 -7 -7 -6 -6 -6 -5 -5 -4 -4 -4 -4 -4 -3 -3 -2 -1 --------- Run | Yrd Mat Mat Mat Gar Mat Gar Mat Fac Was Fac Low Low Dat Pro Fac Gar Fac DSF Fac Ext Cet Arc Hub Res Arm Res Acc Total 15340 | 84 1313 1327 609 590 230 353 781 320 288 499 715 878 76 390 400 965 56 258 473 1335 376 363 61 459 342 744 1055 Wait 1345 | 4 310 107 27 75 3 38 113 14 19 12 5 40 . 4 23 46 7 56 13 110 43 30 24 16 12 95 99 Move 11456 | 56 878 983 467 405 193 244 561 252 244 437 668 736 75 352 298 691 32 120 373 974 291 276 34 362 236 531 687 Hop . | . . . . . . . . . . . . . . . . . . . . . . . . . . . . Pick Up 220 | 8 16 10 19 . 2 . 5 2 3 2 5 10 . 6 6 29 . 7 4 28 2 9 2 10 5 11 19 Fast Attach 179 | 6 7 8 3 4 2 . 2 3 4 . 1 10 . 8 7 17 4 11 2 35 8 5 . 5 3 9 15 Attach 143 | . 2 9 3 1 1 . 2 3 . . 5 12 . 1 9 20 . 7 3 17 3 2 . 2 1 12 28 Detach 44 | . 1 2 1 . 1 . . . 1 . 1 6 . 1 . 13 . 1 . 5 3 1 . . . 2 5 Swap 191 | . 6 15 16 8 6 1 4 5 1 5 1 9 1 3 9 16 . 6 11 10 4 1 . 5 19 12 17 Drop 198 | 3 13 16 19 1 6 . 7 3 8 3 1 . . 7 1 22 4 7 6 13 8 14 . 19 8 2 7 Fire 1154 | 7 68 151 48 65 15 39 63 26 7 30 28 52 . 8 45 50 . 28 56 87 14 22 . 34 43 42 126 Melee 269 | . . . . 30 . 29 18 11 . 6 . . . . 2 58 2 14 5 50 . . . . 15 4 25 Ram 7 | . . . . . . . . . . . . . . . . . . . . 1 . . . . . . 6 Kick . | . . . . . . . . . . . . . . . . . . . . . . . . . . . . Crush 112 | . 11 26 6 . 1 2 6 1 . 4 . . . . . . . 1 . 5 . 3 1 2 . 24 19 Escape Stasis 1 | . 1 . . . . . . . . . . . . . . . . . . . . . . . . . . Rewire 17 | . . . . 1 . . . . 1 . . 3 . . . 3 7 . . . . . . . . . 2 Trap 4 | . . . . . . . . . . . . . . . . . . . . . . . . 4 . . . Miscellaneous . | . . . . . . . . . . . . . . . . . . . . . . . . . . . . Route ------- -11/Scrapyard -10/Materials (discovered 5 exits: *Mat x3 / [*Min] / [*Sub]) -9/Materials (discovered 4 exits: *Mat x3 / *Min) -8/Materials (discovered 4 exits: Fac x2 / *Sto / Gar) -8/Garrison (discovered 2 exits: *Fac / *Mat) -8/Materials -8/Garrison (discovered 3 exits: *Mat x3) -8/Materials (discovered 3 exits: *Fac / *Sto x2) -7/Factory -7/Waste -7/Factory (discovered 2 exits: *Low x2) -7/Lower Caves -7/Lower Caves (discovered 2 exits: *Fac / *Dat) -7/Data Miner -6/Proximity Caves -6/Factory (discovered 2 exits: [*Low] / Gar) -6/Garrison (discovered 3 exits: *Fac x3) -5/Factory -5/DSF -4/Factory -4/Extension (discovered 3 exits: *Res x2 / *Cet) -4/Cetus (discovered 2 exits: *Res / *Arc) -4/Archives (discovered 3 exits: *Res / *Hub x2) -4/Hub_04(d) -3/Research (discovered 2 exits: *Arm / [*Tes]) -3/Armory -2/Research -1/Access (discovered 1 exit: Sur) History --------- Turn | Location | Event 8 | -11/Scrapyard | Discovered new exit (range 15) 131 | -11/Scrapyard | Entered Materials 250 | -10/Materials | Destroyed 7 combat bots 312 | -10/Materials | Build established: Mutant 509 | -10/Materials | Discovered new exit (range 15) 711 | -10/Materials | Crushed by falling debris 727 | -10/Materials | Discovered new exit (range 6) 923 | -10/Materials | Discovered new exit (range 11) 1018 | -10/Materials | Discovered new exit (range 16) 1357 | -10/Materials | Discovered new exit (range 10) 1828 | -10/Materials | Learned location of 2 exits from Mines 1887 | -10/Materials | Learned Storage trap positions 1936 | -10/Materials | Learned location of 2 exits from Materials 1977 | -10/Materials | Learned Storage emergency access door positions 2044 | -10/Materials | Loaded intel: 1 repair station location 2107 | -10/Materials | Entered another Materials area 2107 | -9/Materials | Evolved 2 slots: Propulsion x2 2108 | -9/Materials | Identified exit to Mines 2109 | -9/Materials | Identified exit to Materials 2948 | -9/Materials | Build established: Scavenger-Mutant 3223 | -9/Materials | Learned location of 2 exits from Materials 3283 | -9/Materials | Learned location of 1 exit from Recycling 3302 | -9/Materials | Learned Storage stockpile data 4107 | -9/Materials | First assault squad dispatched 4213 | -9/Materials | Core integrity fell below 50% 4259 | -9/Materials | Lost 7 parts (3n1u3w) 4358 | -9/Materials | Entered another Materials area 4358 | -8/Materials | Evolved 2 slots: Utility x1, Weapon x1 4359 | -8/Materials | Identified exit to Factory 4640 | -8/Materials | Discovered new exit (range 5) 4907 | -8/Materials | Build established: Tank 5327 | -8/Materials | Garrison activated, responded to threat 5376 | -8/Materials | Identified exit to Garrison 5376 | -8/Materials | Entered Garrison 5469 | -8/Garrison | Triggered checkpoint 5525 | -8/Garrison | Garrison Relay disabled 5588 | -8/Garrison | Learned Factory security intel 5760 | -8/Garrison | Destroyed 7 combat bots 5938 | -8/Garrison | Rescued a captive Derelict 5941 | -8/Garrison | Rescued a captive Derelict 5984 | -8/Garrison | Garrison Relay disabled 6013 | -8/Garrison | Rescued AZ-K3N 6048 | -8/Garrison | AZ-K3N assimilated hostile G-47 Trooper 6108 | -8/Garrison | Build established: Mutant 6119 | -8/Garrison | Discovered exit to Factory (range 14) 6300 | -8/Garrison | Discovered new exit (range 6) 6416 | -8/Garrison | Entered Materials 6416 | -8/Materials | Accompanied by 1 ally 6810 | -8/Materials | Identified exit to Garrison 6810 | -8/Materials | Entered Garrison 6821 | -8/Garrison | Identified exit to Materials 6876 | -8/Garrison | Triggered checkpoint 6911 | -8/Garrison | Garrison Relay disabled 6935 | -8/Garrison | Build established: Tank 7230 | -8/Garrison | Triggered checkpoint 7296 | -8/Garrison | Triggered checkpoint 7451 | -8/Garrison | Entered Materials 7453 | -8/Materials | Build established: Mutant 7687 | -8/Materials | Identified exit to Storage 7746 | -8/Materials | Discovered exit to Factory (range 11) 8299 | -8/Materials | Garrison activated, responded to threat 8476 | -8/Materials | Build established: Tank 8787 | -8/Materials | Entered Factory 8787 | -7/Factory | Evolved 2 slots: Propulsion x1, Utility x1 8870 | -7/Factory | Repaired Arm. Treads? 9351 | -7/Factory | Sucked down chute 9351 | -7/Factory | Entered Waste 9352 | -7/Waste | Joined by Warlord forces that had cleared the area 9443 | -7/Waste | Build established: Mutant 9567 | -7/Waste | Discovered new exit (range 12) 9814 | -7/Waste | Entered Factory 9814 | -7/Factory | Accompanied by 19 allies 10118 | -7/Factory | Lost 3 allies 10214 | -7/Factory | First assault squad dispatched 10400 | -7/Factory | Lost 4 allies 10534 | -7/Factory | Identified exit to Lower Caves 10660 | -7/Factory | Central database locked down 10675 | -7/Factory | Garrison activated, responded to threat 10676 | -7/Factory | Entered Lower Caves 10676 | -7/Lower Caves | Accompanied by 3 allies 10683 | -7/Lower Caves | Attracted the attention of an 0b10 checkpoint 10759 | -7/Lower Caves | Met a Warlord Commander 10760 | -7/Lower Caves | Learned location of Warlord (-5) 10761 | -7/Lower Caves | Warlord Commander delivered Encrypted Comm Array 10766 | -7/Lower Caves | Found Encrypted Comm Array 10805 | -7/Lower Caves | Learned Factory security intel 10928 | -7/Lower Caves | Lost 7 parts (1p3n2u1w) 10953 | -7/Lower Caves | Learned Research trap positions 10953 | -7/Lower Caves | Learned Extension trap positions 10953 | -7/Lower Caves | Learned Armory trap positions 11744 | -7/Lower Caves | Build established: Tank 12057 | -7/Lower Caves | Discovered new exit (range 12) 12064 | -7/Lower Caves | Learned location of 1 exit from Lower Caves 12348 | -7/Lower Caves | Entered another Lower Caves area 12349 | -7/Lower Caves | Identified exit to Data Miner 12398 | -7/Lower Caves | Discovered new exit (range 12) 12969 | -7/Lower Caves | Spotted B-75 Beast 13306 | -7/Lower Caves | Attracted the attention of an 0b10 outpost 13406 | -7/Lower Caves | Lost 9 parts (7n1u1w) 13551 | -7/Lower Caves | Core integrity fell below 50% 13752 | -7/Lower Caves | Build established: Mutant 14138 | -7/Lower Caves | Encountered a Warlord checkpoint 14792 | -7/Lower Caves | System corruption reached 10% 14813 | -7/Lower Caves | Entered Data Miner 14815 | -7/Data Miner | Discovered new exit (range 7) 14865 | -7/Data Miner | Met Data Miner 14910 | -7/Data Miner | Learned location of Section 7 (-2) 14910 | -7/Data Miner | Acquired the access code to Warlord's prototype stash 14954 | -7/Data Miner | Received God Mode back door access code from Data Miner 15012 | -7/Data Miner | Entered Proximity Caves 15044 | -6/Proximity Caves | Found DCF Scrap (12 items) 15360 | -6/Proximity Caves | Build established: Derelict-Mutant 15683 | -6/Proximity Caves | Attracted the attention of an 0b10 checkpoint 15712 | -6/Proximity Caves | Escorted by Enhanced Grunt 15757 | -6/Proximity Caves | Discovered new exit (range 7) 15771 | -6/Proximity Caves | Spotted B-75 Beast 15773 | -6/Proximity Caves | Entered Factory 15773 | -6/Factory | Accompanied by 1 ally 15773 | -6/Factory | Evolved 2 slots: Propulsion x1, Utility x1 15917 | -6/Factory | Discovered new exit (range 15) 16205 | -6/Factory | Garrison activated, responded to threat 16292 | -6/Factory | Lost 15 parts (1p7n3u4w) 16456 | -6/Factory | Identified exit to Garrison 16456 | -6/Factory | Entered Garrison 16557 | -6/Garrison | Garrison Relay disabled 16564 | -6/Garrison | Triggered checkpoint 16575 | -6/Garrison | Identified exit to Factory 16779 | -6/Garrison | Lost 3 allies 16834 | -6/Garrison | Lost 10 parts (1p4n2u3w) 16835 | -6/Garrison | Destroyed 8 combat bots 16895 | -6/Garrison | Core integrity fell below 50% 16921 | -6/Garrison | Lost 3 parts (1n2w) 17034 | -6/Garrison | Triggered checkpoint 17040 | -6/Garrison | Triggered checkpoint 17439 | -6/Garrison | Discovered exit to Factory (range 64) 17439 | -6/Garrison | Discovered exit to Factory (range 16) 17439 | -6/Garrison | Discovered exit to Factory (range 44) 17550 | -6/Garrison | Triggered checkpoint 17614 | -6/Garrison | Lost 3 parts (3n) 17839 | -6/Garrison | Found Gamma Bomb Array 17867 | -6/Garrison | Garrison Relay disabled 17936 | -6/Garrison | Build established: Scavenger-Mutant 17968 | -6/Garrison | Entered Factory 17968 | -5/Factory | Evolved 2 slots: Propulsion x2 18001 | -5/Factory | Identified exit to DSF 18032 | -5/Factory | Entered DSF 18032 | -5/DSF | Accompanied by 2 allies 18052 | -5/DSF | Additional patrols routed to DSF 18117 | -5/DSF | Lost 4 parts (2u2w) 18179 | -5/DSF | Lost 7 parts (1p5n1w) 18250 | -5/DSF | Found Imp. Powered Armor 18253 | -5/DSF | Found Imp. Powered Armor 18255 | -5/DSF | Found Imp. Powered Armor 18258 | -5/DSF | Found Imp. Powered Armor 18346 | -5/DSF | Sterilization system engaged 18366 | -5/DSF | Ambient heat levels rising (+10) 18381 | -5/DSF | Ambient heat levels rising (+10) 18396 | -5/DSF | Ambient heat levels rising (+10) 18411 | -5/DSF | Ambient heat levels rising (+10) 18416 | -5/DSF | Discovered new exit (range 14) 18426 | -5/DSF | Ambient heat levels rising (+10) 18438 | -5/DSF | Entered Factory 18438 | -4/Factory | Evolved 2 slots: Power x1, Utility x1 18652 | -4/Factory | Discovered new exit (range 8) 18771 | -4/Factory | Build established: Mutant 19020 | -4/Factory | Fabricated P-60 Hacker? 19190 | -4/Factory | Build established: Tank 19245 | -4/Factory | Entered Extension 19246 | -4/Extension | Loaded intel: 17 trap records 19403 | -4/Extension | Rescued a captive Derelict 19513 | -4/Extension | Rescued a captive Derelict 19756 | -4/Extension | Build established: Scavenger-Tank 19845 | -4/Extension | Disrupted transfer network 19998 | -4/Extension | Spotted B-86 Titan 20020 | -4/Extension | Destroyed B-86 Titan 20086 | -4/Extension | Spotted B-86 Titan 20134 | -4/Extension | Lost 4 allies 20212 | -4/Extension | Found Hvy. Reflective Plating 20221 | -4/Extension | Lost 19 parts (2p5n7u5w) 20262 | -4/Extension | Lost 3 parts (2u1w) 20309 | -4/Extension | Destroyed B-86 Titan 20338 | -4/Extension | Lost 3 parts (1p1n1w) 20394 | -4/Extension | Discovered new exit (range 14) 20617 | -4/Extension | Rescued a captive Derelict 20625 | -4/Extension | Build established: Scavenger-Mutant 20686 | -4/Extension | Core integrity fell below 50% 20722 | -4/Extension | Lost 9 parts (5n2u2w) 20778 | -4/Extension | Lost 3 parts (2n1u) 20790 | -4/Extension | Rescued A7 21069 | -4/Extension | Repaired Bore Cannon? 21137 | -4/Extension | Rescued a captive Derelict 21158 | -4/Extension | Rescued a captive Derelict 21159 | -4/Extension | Rescued a captive Derelict 21191 | -4/Extension | Rescued a captive Derelict 21192 | -4/Extension | Rescued a captive Derelict 21252 | -4/Extension | Rescued a captive Derelict 21253 | -4/Extension | Rescued a captive Derelict 21289 | -4/Extension | Discovered new exit (range 10) 21291 | -4/Extension | Discovered new exit (range 6) 21344 | -4/Extension | Entered Cetus 21344 | -4/Cetus | Accompanied by 14 allies (A7) 21349 | -4/Cetus | Acquired a Cetus Manufacturing Module code from A7 21362 | -4/Cetus | Spotted Cetus Guard 21362 | -4/Cetus | Spotted Cetus Guard 21365 | -4/Cetus | Spotted Cetus Guard 21365 | -4/Cetus | Spotted Cetus Guard 21365 | -4/Cetus | Destroyed Cetus Guard 21369 | -4/Cetus | Allies destroyed Cetus Guard 21388 | -4/Cetus | Allies destroyed Cetus Guard 21393 | -4/Cetus | Allies destroyed Cetus Guard 21425 | -4/Cetus | Lost 4 allies 21455 | -4/Cetus | Started Cetus Manufacturing Module 21480 | -4/Cetus | Manufactured an Enhanced Grunt 21505 | -4/Cetus | Manufactured an Enhanced Grunt 21530 | -4/Cetus | Manufactured an Enhanced Grunt 21555 | -4/Cetus | Manufactured an Enhanced Grunt 21580 | -4/Cetus | Manufactured an Enhanced Grunt 21656 | -4/Cetus | Discovered new exit (range 15) 21740 | -4/Cetus | Spotted Cetus Guard 21740 | -4/Cetus | Spotted Cetus Guard 21742 | -4/Cetus | Spotted Cetus Guard 21742 | -4/Cetus | Spotted Cetus Guard 21754 | -4/Cetus | Allies destroyed Cetus Guard 21759 | -4/Cetus | Allies destroyed Cetus Guard 21764 | -4/Cetus | Destroyed Cetus Guard 21767 | -4/Cetus | Allies destroyed Cetus Guard 21786 | -4/Cetus | Discovered new exit (range 15) 21792 | -4/Cetus | Lost 5 allies 21794 | -4/Cetus | Lost 5 parts (3n1u1w) 21801 | -4/Cetus | Met Revision 17 21935 | -4/Cetus | Entered Archives 21935 | -4/Archives | Accompanied by 7 allies (A7) 21984 | -4/Archives | Found Prototype Device 21984 | -4/Archives | Identified Exp. Thermal Shield 21986 | -4/Archives | Discovered new exit (range 20) 22011 | -4/Archives | Discovered new exit (range 20) 22016 | -4/Archives | Unable to access archive contents 22059 | -4/Archives | Discovered new exit (range 20) 22094 | -4/Archives | Unable to access archive contents 22099 | -4/Archives | Build established: Scavenger-Tank 22112 | -4/Archives | Unable to access archive contents 22510 | -4/Archives | Entered Hub_04(d) 22510 | -4/Hub_04(d) | Accompanied by 5 allies 22531 | -4/Hub_04(d) | Discovered new exit (range 11) 22592 | -4/Hub_04(d) | Entered Research 22592 | -3/Research | Accompanied by 4 allies 22592 | -3/Research | Evolved 2 slots: Utility x2 22593 | -3/Research | Loaded intel: 109 trap records 22753 | -3/Research | Discovered new exit (range 5) 22792 | -3/Research | Revision forces began assault on 0b10 22840 | -3/Research | Met up with Revision 17++ 23133 | -3/Research | Joined by Warlord Infantry squad 23277 | -3/Research | Discovered new exit (range 13) 23292 | -3/Research | Research terminal network offline 23316 | -3/Research | Found Prototype Protection 23316 | -3/Research | Identified Centrium Heavy Armor Plating 23324 | -3/Research | Found Centrium Heavy Armor Plating 23331 | -3/Research | Found Centrium Heavy Armor Plating 23347 | -3/Research | Entered Armory 23347 | -3/Armory | Accompanied by 2 allies 23348 | -3/Armory | Loaded intel: 47 trap records 23518 | -3/Armory | Lost 4 allies 23716 | -3/Armory | Fabricated P-60 Hacker? 23770 | -3/Armory | Joined by Warlord Geek squad 23771 | -3/Armory | Joined by Warlord Geek squad 23772 | -3/Armory | Joined by Warlord Ranger squad 23847 | -3/Armory | First assault squad dispatched 23848 | -3/Armory | Discovered new exit (range 15) 23864 | -3/Armory | Incoming assault squad redirected 23867 | -3/Armory | Spotted B-86 Titan 23887 | -3/Armory | Destroyed 10 combat bots 23897 | -3/Armory | Entered Research 23897 | -2/Research | Evolved 2 slots: Utility x1, Weapon x1 23913 | -2/Research | Lost 11 allies 23970 | -2/Research | Garrison activated, responded to threat 24052 | -2/Research | Fabricated P-60 Hacker? 24073 | -2/Research | Joined by Warlord Pyro squad 24158 | -2/Research | Incoming investigation squad redirected 24315 | -2/Research | Spotted B-90 Cyclops 24371 | -2/Research | Destroyed 7 combat bots 24397 | -2/Research | First assault squad dispatched 24413 | -2/Research | Incoming assault squad redirected 24459 | -2/Research | Lost 3 parts (1p2u) 24502 | -2/Research | Lost 4 parts (1p2n1w) 24566 | -2/Research | Found Fusion Bomb Launcher 24747 | -2/Research | Incoming investigation squad redirected 24781 | -2/Research | Build established: Tank 24829 | -2/Research | Spotted B-90 Cyclops 24833 | -2/Research | Lost 5 parts (1p1n1u2w) 24916 | -2/Research | Incoming assault squad redirected 24932 | -2/Research | Discovered new exit (range 10) 24944 | -2/Research | Found Exp. Thermal Shield 25036 | -2/Research | System corruption reached 10% 25133 | -2/Research | Entered Access 25133 | -1/Access | Evolved 2 slots: Utility x2 25157 | -1/Access | Build established: Scavenger-Tank 25262 | -1/Access | Incoming investigation squad redirected 25267 | -1/Access | Incoming assault squad redirected 25268 | -1/Access | Incoming assault squad redirected 25293 | -1/Access | Lost 4 parts (1u3w) 25362 | -1/Access | Identified exit to Surface 25380 | -1/Access | Found Gamma Bomb Array 25516 | -1/Access | Joined by Warlord Pyro squad 25586 | -1/Access | Incoming assault squad redirected 25628 | -1/Access | Joined by Warlord Ranger squad 25733 | -1/Access | P-80 Master assimilated allied TX-OKR(i) 25856 | -1/Access | Lost 3 allies 25893 | -1/Access | Lost 3 parts (1n2u) 26070 | -1/Access | Joined by Warlord Muscle squad 26133 | -1/Access | First assault squad dispatched 26137 | -1/Access | P-80 Master assimilated allied 1N-W0N(b) 26212 | -1/Access | Incoming assault squad redirected 26212 | -1/Access | System corruption reached 10% 26245 | -1/Access | Destroyed 8 combat bots 26309 | -1/Access | Lost 18 parts (1p6n7u4w) 26403 | -1/Access | Incoming assault squad redirected 26522 | -1/Access | Incoming investigation squad redirected 26715 | -1/Access | Destroyed 7 combat bots 26746 | -1/Access | Energy Cycler disabled 26855 | -1/Access | Released all parts (4) 26858 | -1/Access | Core integrity fell below 50% 26885 | -1/Access | Lost 23 parts (1p7n10u5w) 26901 | -1/Access | Spotted B-99 Colossus 26902 | -1/Access | Spotted B-99 Colossus 26903 | -1/Access | Core integrity fell below 20% 26907 | -1/Access | Destroyed by B-99 Colossus with Linear Accelerator Last Messages --------------- 26904_ Slug penetrates H-88 Terminator. 26904_ Penetrated by Slug. 26904_ Slug penetrates Wall. 26904_ Slug penetrates B-99 Colossus. 26904_ Slug penetrates Wall. 26904_ Slug penetrates H-88 Terminator. 26904_ Slug penetrates Wall. 26904_ Slug penetrates Sealed Heavy Doors. 26905_ Penetrated by Slug. 26905_ Centrium Leg destroyed. 26906_ H-88 Terminator knocked back. 26906_ Penetrated by Slug. 26906_ Slug penetrates B-99 Colossus. 26906_ Slug penetrates Wall. 26906_ Slug penetrates H-88 Terminator. 26907_ Slug penetrates Wall. 26907_ Slug penetrates Sealed Heavy Doors. 26907_ Adv. Signal Interpreter destroyed. 26907_ Critical hit (Blast). [Achievement: Punisher] Map ----- +----------------------------------------------------+ | ?????????????????????????????????????????????????? | | ?????????????????????????????????????????????????? | | ?????????????????????????????????????????????????? | | ?????????????????????????????????????????????????? | | ?????????????????????????????????????????????????? | | ?????????????????????????????????????????????????? | | ?????????????????????????????????????????????????? | | ?????????????????????????????????????????????????? | | ?????????????????????????????????????????????????? | | ?????????????????????????????????????????????????? | | ????????##############???????????????????????????? | | ????????# #???????????????????????????? | | ????????# #???????????????????????????? | | ????????# #???????????????????????????? | | ????????# #???????????????????????????? | | ????????# #######?????????????????????? | | ????????# ## BB#?????????????????????? | | ????????# # BB#?????????????????????? | | ????????# ## #?????????????????????? | | ????????# ; #??????????????????????? | | ????????# #??????????????????????? | | ????????# # #??????????????????????? | | #???????# #% #??????????????????????? | | #########"" %| # h #??????????????????????? | | ! "% "??????????????????????? | | " @"??????????????????????? | | " "??????????????????????? | | ###+######## ; h #??????????????????????? | | ## ###### ## %#??????????????????????? | | ## #????####### #??????????????????????? | | ## #??????????# #??????????????????????? | | ## #??????????# #??????????????????????? | | ## " #??????????# BB ??????????????????????? | | ## """ #??????????# BB ??????????????????????? | | # """ #??????????# ??????????????????????? | | # " #??????????#####??????????????????????? | | #+#########?????????????????????????????????????? | | #?????????????????????????????????????????????? | | #?????????????????????????????????????????????? | | #?????????????????????????????????????????????? | | #?????????????????????????????????????????????? | | #?????????????????????????????????????????????? | | #?????????????????????????????????????????????? | | #?????????????????????????????????????????????? | | #?????????????????????????????????????????????? | | #?????????????????????????????????????????????? | | +?????????????????????????????????????????????? | | #?????????????????????????????????????????????? | | #?????????????????????????????????????????????? | | +?????????????????????????????????????????????? | +----------------------------------------------------+ Best States ------------- Heat Dissipation 90 Energy Generation 45 Energy Capacity 710 Matter Stores 419 Matter Capacity 450 Sight Range 20 Terrain Scan Range 20 Terrain Scan Density 210 Jamming Range 16 Power Amplification 20 Armor Coverage 1800 Resistance: KI 20 Resistance: TH 30 Resistance: EM 15 Evasion (%) 70 Target Analysis 5 Recoil Reduction 8 Offensive Hacking 10 Defensive Hacking 14 Authchip Count 5 Item Schematics ----------------- Hcp. Storage Unit | -9/Materials | Hacked Imp. EM Shotgun | -9/Materials | Extracted Lrg. Matter Pod | -9/Materials | Extracted VTOL Module | -9/Materials | Extracted EM Shotgun | -9/Materials | Extracted Assault Rifle | -9/Materials | Extracted ECM Suite | -9/Materials | Extracted Med. Matter Pod | -9/Materials | Extracted Cooling System | -9/Materials | Extracted Lgt. EM Pulse Cannon | -9/Materials | Extracted Mni. Grenade Launcher | -8/Materials | Scanalyzed Actuator Array | -8/Materials | Extracted Imp. Aluminum Leg | -8/Materials | Extracted Cld. Ion Engine | -8/Materials | Hacked Seismic Detector | -8/Materials | Scanalyzed Particle Cannon | -8/Materials | Extracted Field Laser | -8/Materials | Extracted Lgt. Nuclear Core | -8/Materials | Extracted Med. Reactive Plating | -7/Factory | Hacked Huge Storage Unit | -7/Factory | Hacked Combat Drone Bay | -7/Data Miner | Free Lgt. Regenerative Plating | -7/Data Miner | Free Cld. Cesium-ion Thruster | -7/Data Miner | Free Exp. Power Shielding | -7/Data Miner | Free Cld. Plasma Cannon | -7/Data Miner | Free Nuclear Pulse Array | -7/Data Miner | Free Adv. Drone Bay | -7/Data Miner | Free Smartbomb Launcher | -7/Data Miner | Free Disruptor Cannon | -7/Data Miner | Free Lrn. Terrain Scanner | -7/Data Miner | Free Adv. Datajack | -7/Data Miner | Free Robot Schematics ------------------ B-36 Bruiser | -7/Factory | Downloaded P-60 Hacker | -7/Data Miner | Free Y-54 Guardian | -7/Data Miner | Free R-10 Processor | -7/Data Miner | Free G-47 Trooper | -7/Data Miner | Free E-15 Imp | -7/Data Miner | Free L-41 Fighter | -7/Data Miner | Free Fabricated ------------ P-60 Hacker | x2 | -4/Factory | Authchip P-60 Hacker | x2 | -3/Armory | Authchip P-60 Hacker | x2 | -2/Research | Authchip Repaired ---------- Arm. Treads | 31% | -7/Factory Bore Cannon | 7% | -4/Extension Alien Tech Used ----------------- None Achievements -------------- Can't Touch This Punisher Turtlemind Use The Force Challenges ------------ None Game ------ Seed CannonTerrorAnalyzer Manual? 0 Play Time 05:24:17 Cumulative 243.8 hours Start 2025.07.11 @ 15:36:06 End 2025.07.19 @ 16:57:14 Sessions 25 Manual Loads 0 Difficulty Rogue Special Mode None Game No. 133 Rogue 130 Adventurer 3 Explorer 0 Win Type - Total 4 Types 4/0/0/0/0/0/0/0/0/0 Lore% 67 Gallery% 67 Achievement% 58 Wizard Run 0 Options --------- Layout 1 ASCII 0 Keyboard 1 Movement Vi Keybinds 0 Fullscreen 1 Font 28/SmallcapsGlow Map View 50x43 Zoom Use 0% Tactical HUD 1 Map Filters NONE Filters NONE Steam X RUN: 3741a00f-c4eb-4f6e-8ecb-b5302582628b